AoeStats
← grantclements16

Black Forest

504384526Analyzed
2v2 RM · 28d ago on Sep 5, 2026· 37m 6s· 4 players
Game mode
Random Map
Map size
Medium (4 player)
Population
200
Speed
Normal
Resources
Standard
Victory
Conquest
Starting age
Dark Age
Ending age
Imperial Age
RankedLock teamsTeams togetherTeam positionsShared explorationLock speedFull tech treeHidden civsTurbo modeCheats
Victory
Defeat
🇺🇸 Saracens · United States
1204
+14
🇺🇸 Slavs · United States
1201
+14
🇲🇽 Teutons · Mexico
1392
-22
🇲🇽 Franks · Mexico
933
-6
TaquitoReligioso
0:25 Loom
14:33 Feudal Age
16:33 Double-Bit Axe
16:31 Horse Collar
16:33 Man-at-Arms
20:42 Man-at-Arms
24:43 Castle Age
24:13 Scale Mail Armor
24:23 Forging
25:15 Long Swordsman
30:08 Chain Mail Armor
36:31 Fletching
Cihuacóatl
0:27 Loom
17:12 Feudal Age
17:32 Feudal Age
23:43 Castle Age
24:32 Caravan
grantclements16
1:17 Loom
12:43 Feudal Age
17:11 Castle Age
16:08 Horse Collar
26:13 Forging
34:52 Double-Bit Axe
Nike Nerd
1:14 Loom
16:46 Feudal Age
21:17 Castle Age
20:14 Double-Bit Axe
20:21 Gold Mining
28:22 Bow Saw
30:07 Wheelbarrow
31:47 Horse Collar
34:45 Hand Cart
34:16 Town Watch
35:28 Scale Barding Armor
36:33 Town Patrol
Connection lost

Rejoining the realm…

Still unreachable

The connection could not be restored.

Session expired

The server has moved on; the page needs a fresh start.